 Dungeon Crawl Stone Soup version 0.17.2-1-ge4368a0 (webtiles) character file.

150 Goblin1989 the Insei (level 5, 32/41 HPs)
             Began as a Demonspawn Monk on Nov 4, 2016.
             Quit the game on level 2 of the Dungeon.
             The game lasted 00:04:19 (1573 turns).

Goblin1989 the Insei (Demonspawn Monk)              Turns: 1573, Time: 00:04:19

Health: 32/41      AC:  9    Str: 12    XL:     5   Next: 10%
Magic:  5/5        EV: 11    Int: 11    God:
Gold:   89         SH:  0    Dex: 16    Spells: 0 memorised, 4 levels left

rFire  . . .     SeeInvis .       - Unarmed
rCold  . . .     Clarity  .     c - +0 ring mail
rNeg   . . .     SustAt   .     (no shield)
rPois  .         Gourm    .     (helmet restricted)
rElec  .         Spirit   .     (no cloak)
rCorr  .         Warding  .     (no gloves)
rMut   .         Stasis   .     (no boots)
MR     +....                    (no amulet)
Stlth  +.........               (no ring)
                                m - ring of protection from magic

@: somewhat resistant to hostile enchantments, very unstealthy
A: horns 1, iridescent scales 1
a: no special abilities


You were on level 2 of the Dungeon.
You were not hungry.

You visited 1 branch of the dungeon, and saw 2 of its levels.

You collected 89 gold pieces.

Inventory:

Armour
 c - a +0 ring mail (worn)
Jewellery
 m - a ring of protection from magic (left hand)
Scrolls
 j - a scroll of magic mapping {unknown}
Potions
 a - a potion of curing {unknown}
 d - a potion of cancellation {unknown}
 e - a potion of heal wounds {unknown}
 g - a potion of haste {unknown}
Comestibles
 b - a bread ration {@e1}
 f - a beef jerky
 h - a meat ration {@e2}
 k - 3 fruits


   Skills:
 - Level 3.0 Fighting
 - Level 2.6 Dodging
 - Level 1.7 Stealth
 + Level 5.8 Unarmed Combat


You had 4 spell levels left.
You didn't know any spells.

Dungeon Overview and Level Annotations

Branches:
Dungeon (2/15)

Altars:
Kikubaaqudgha


Innate Abilities, Weirdness & Mutations

You have a pair of small horns on your head.
You are partially covered in iridescent scales (AC +4).


Message History

The vampire bat is heavily damaged.
The vampire bat barely misses you.
You barely miss the vampire bat.
The vampire bat is heavily damaged.
The vampire bat bites you.
The vampire bat draws strength from your injuries!
The vampire bat bites you but does no damage.
You take 2 damage, and have 28/35 hp.
You miss the vampire bat.
The vampire bat is moderately damaged.
The vampire bat bites you but does no damage.
The vampire bat bites you but does no damage.
You punch the vampire bat!
You destroy the vampire bat!
You have reached level 5!
Your demonic ancestry asserts itself...
A pair of horns grows on your head!
You regained 4 hp, and now have 32/41 hp.
MP restored: 5 Are you sure you want to abandon this character and quit the game? (Confirm with "yes".)

█.█.█.█.█.██.███████████████
██.Ψ.█.Ψ.███.█ █
█.█.█.█.█.██.█ █
█..█.Ψ.█..██.█
█.█.█.█.█.██.█ █.Ψ.█.Ψ.███.█
██.....██ █.█ ██∆∆∆█████.█
█....÷..@.█


███████████ There were no monsters in sight!

Vanquished Creatures
  2 vampire bats (D:2)
  Natasha (D:2)
  An adder (D:1)
  A worm (D:2)
  A giant gecko (D:1)
  2 bat skeletons (D:2)
  3 bat zombies (D:2)
  2 giant cockroaches (D:1)
  6 goblins (D:1)
  5 hobgoblins (D:1)
  5 kobolds (D:1)
  A ball python (D:1)
  2 bats (D:1)
  A giant newt (D:2)
  4 rats (D:1)
37 creatures vanquished.

Notes
Turn   | Place    | Note
--------------------------------------------------------------
     0 | D:1      | Goblin1989 the Demonspawn Monk began the quest for the Orb.
     0 | D:1      | Reached XP level 1. HP: 18/18 MP: 1/1
   184 | D:1      | Reached skill level 4 in Unarmed Combat
   241 | D:1      | Gained mutation: You are partially covered in iridescent scales (AC +4). [demonic ancestry]
   241 | D:1      | Reached XP level 2. HP: 20/24 MP: 2/2
   918 | D:1      | Reached XP level 3. HP: 29/29 MP: 3/3
  1346 | D:2      | Noticed Natasha
  1370 | D:2      | Killed Natasha
  1370 | D:2      | Reached skill level 5 in Unarmed Combat
  1370 | D:2      | Reached XP level 4. HP: 20/35 MP: 4/4
  1515 | D:2      | Found an ancient bone altar of Kikubaaqudgha.
  1572 | D:2      | Gained mutation: You have a pair of small horns on your head. [demonic ancestry]
  1572 | D:2      | Reached XP level 5. HP: 32/41 MP: 5/5
  1573 | D:2      | Quit the game

Action                   |  1- 3 |  4- 6 || total
-------------------------+-------+-------++-------
Melee: Unarmed           |   114 |    38 ||   152
  Eat: Chunk             |     1 |     1 ||     2

Vault maps used:
D:1:      dpeg_arrival_chambers_temple_mockup
D:2:      kennysheep_vampire_church, uniq_natasha
